Atomiques vs Little Stars
Created - 29 novembre 2016 at 19:10
Goals
|
| Atomiques |
1 |
0 |
5 |
0 |
6 |
| Little Stars |
2 |
2 |
2 |
1 |
7 |
|
Shots
|
| Atomiques |
8 |
10 |
23 |
0 |
41 |
| Little Stars |
10 |
12 |
9 |
2 |
33 |
|
1st period
1. Little Stars , Jesse Joensuu 8 (Justin Faulk, Petter Granberg) at 2:13
2. Little Stars , Robert Klinkhammer 4 (Tom Kuhnhackl, Petter Granberg) at 4:42
3. Atomiques , Kenndal McArdle 10 (Ryan Shannon, Tyler Brenner) at 12:10 (SH)
Penalties :
Bobby Farnham (STB) for Holding (Minor) at 10:52
2nd period
4. Little Stars , Sean Avery 12 (Dana Tyrell, Niklas Hjalmarsson) at 0:52
5. Little Stars , Hugh Jessiman 14 (Marcus Johansson, Raphael Diaz) at 11:31
Penalties :
No Penalty
3rd period
6. Little Stars , Raphael Diaz 3 (Alex Chiasson) at 1:48 (PP)
7. Atomiques , Brett Sutter 4 (Ryan Shannon, Kyle Wharton) at 2:57
8. Atomiques , Branko Radivojevic 8 (Shawn Belle) at 3:03
9. Atomiques , Andrew Kozek 2 (Davis Drewiske, Alexander Sulzer) at 8:33 (PP)
10. Atomiques , Brett Sutter 5 (Ryan Shannon, Alexander Sulzer) at 9:33 (PP)
11. Little Stars , Dana Tyrell 7 (Alex Chiasson, Tyler Randell) at 19:12
12. Atomiques , Tyler Brenner 12 (Shawn Belle, Branko Radivojevic) at 19:32
Penalties :
Sergei Bobrovsky (STB) for Delaying the game (Minor) at 1:46 - Davis Drewiske served the penalty, Raphael Diaz (Tex) for Hooking (Minor) at 3:06, Alex Chiasson (Tex) for Tripping (Minor) at 7:55, Danny DeKeiser (Tex) for Holding (Minor) at 8:57, Tyler Brenner (STB) for Hooking (Minor) at 10:56, Kenndal McArdle (STB) for Tripping (Minor) at 15:06
Overtime #1
13. Little Stars , Sean Avery 13 (Alex Chiasson) at 0:22
Penalties :
No Penalty
Goalie Stats
Sergei Bobrovsky (STB), 11 saves from 14 shots - (0,786), OTL, 9-5-1, 28:35 minutes
Jeremy Smith (STB), 15 saves from 19 shots - (0,789), 31:31 minutes
Ben Scrivens (Tex), 35 saves from 41 shots - (0,854), W, 4-1-0, 60:22 minutes
Players Stats for Atomiques
Player Name G A P +/- PIM S H SB GA TA FO MP PP MP PK MP
------------------------------------------------------------------------------------
Alex Berry 0 0 0 -1 0 3 0 0 0 1 0/0 11:07 0:00 0:00
Alexander Sulzer 0 2 2 -1 0 2 0 0 0 1 0/0 25:50 2:08 3:35
Andrew Kozek 1 0 1 -1 0 1 3 0 0 0 0/1 16:32 1:31 1:06
Anthony Nigro 0 0 0 0 0 1 0 0 0 0 3/3 7:43 0:00 0:00
Bobby Farnham 0 0 0 0 2 1 2 0 1 0 0/0 7:43 0:00 0:00
Branko Radivojevic 1 1 2 -1 0 2 1 0 0 1 4/9 23:12 1:42 3:20
Brett Sutter 2 0 2 -1 0 2 1 0 2 0 4/11 16:35 1:25 1:06
Colby Cohen 0 0 0 -1 0 0 1 1 0 0 0/0 10:17 0:00 0:00
Darren Kramer 0 0 0 0 0 0 0 0 0 0 0/0 1:25 0:00 1:25
Davis Drewiske 0 1 1 0 0 2 1 1 1 0 0/0 18:43 1:05 2:24
Dmitri Orlov 0 0 0 0 0 0 0 0 0 0 0/0 5:32 0:00 0:00
Eric Mestery 0 0 0 0 0 0 0 0 0 0 0/0 5:32 0:00 0:00
Freddie Hamilton 0 0 0 0 0 0 0 0 0 0 0/0 0:00 0:00 0:00
Fredrik Claesson 0 0 0 0 0 0 0 0 0 0 0/0 0:00 0:00 0:00
John McCarthy 0 0 0 -1 0 4 0 0 0 1 0/0 11:07 0:00 0:00
Kenndal McArdle 1 0 1 1 2 4 2 1 0 0 0/1 20:09 1:42 0:41
Kyle Wharton 0 1 1 0 0 2 1 3 0 0 0/0 18:43 1:05 2:24
Mac Bennett 0 0 0 0 0 0 0 0 0 0 0/0 0:00 0:00 0:00
Marc-André Cliche 0 0 0 -1 0 2 2 0 0 0 2/4 11:07 0:00 0:00
Mike Halmo 0 0 0 0 0 0 0 0 0 0 0/1 8:20 0:00 0:39
Mitch Callahan 0 0 0 0 0 0 0 0 0 0 0/0 0:29 0:06 0:00
Roman Polak 0 0 0 -1 0 1 0 0 0 0 0/0 10:17 0:00 0:00
Ryan Shannon 0 3 3 0 0 6 1 0 0 0 0/2 16:45 1:31 1:19
Shawn Belle 0 2 2 -1 0 2 0 2 0 0 0/0 25:50 2:08 3:35
Tyler Brenner 1 1 2 -1 2 6 1 1 1 1 8/34 22:28 1:42 2:22
Players Stats for Little Stars
Player Name G A P +/- PIM S H SB GA TA FO MP PP MP PK MP
------------------------------------------------------------------------------------
Alex Chiasson 0 3 3 0 2 5 0 1 2 0 3/3 22:32 3:19 1:27
Alexander Vasyunov 0 0 0 0 0 0 0 0 0 0 0/0 0:22 0:08 0:00
Andrej Nestrasil 0 0 0 1 0 1 1 0 0 0 1/3 10:05 0:00 0:00
Brian Flynn 0 0 0 1 0 0 0 0 0 0 10/16 17:02 2:35 0:00
Conor Allen 0 0 0 0 0 0 0 0 0 0 0/0 5:24 0:00 0:37
Dana Tyrell 1 1 2 -1 0 3 1 0 0 0 22/29 20:37 3:19 0:00
Danny DeKeiser 0 0 0 1 2 1 0 0 1 0 0/0 19:22 2:15 1:34
Hugh Jessiman 1 0 1 1 0 4 0 0 0 0 0/0 17:21 2:35 0:19
Jared Spurgeon 0 0 0 1 0 2 0 3 0 0 0/0 18:55 2:15 1:13
Jesse Joensuu 1 0 1 1 0 3 2 1 0 1 0/2 10:05 0:00 0:00
Jonathan Huberdeau 0 0 0 0 0 0 0 0 0 0 0/0 0:19 0:05 0:00
Justin Faulk 0 1 1 1 0 1 0 0 0 0 0/0 10:35 0:00 0:00
Marcus Johansson 0 1 1 1 0 1 2 0 0 0 1/1 18:09 2:35 1:07
Michael Mersch 0 0 0 0 0 0 0 0 0 0 0/0 1:01 0:00 1:01
Niklas Hjalmarsson 0 1 1 0 0 1 3 0 0 1 0/0 25:44 3:44 1:39
Oscar Lindberg 0 0 0 0 0 0 0 0 0 0 0/0 0:00 0:00 0:00
Petter Granberg 0 2 2 1 0 2 0 0 0 1 0/0 11:22 0:00 0:47
Raphael Diaz 1 1 2 0 2 2 0 2 1 2 0/0 24:47 3:44 0:36
Robert Klinkhammer 1 0 1 0 0 1 1 1 0 0 0/0 8:37 0:00 0:00
Scott Harrington 0 0 0 0 0 0 1 0 0 0 0/0 4:40 0:00 0:00
Sean Avery 2 0 2 0 0 4 2 0 1 0 7/8 23:07 3:16 2:11
T.J. Tynan 0 0 0 0 0 1 0 0 0 0 1/4 9:05 0:00 0:21
Tom Kuhnhackl 0 1 1 0 0 1 0 0 0 0 0/0 8:37 0:00 0:00
Ty Rattie 0 0 0 0 0 0 0 0 0 0 0/0 0:00 0:00 0:00
Tyler Randell 0 1 1 1 0 0 0 0 0 0 0/0 10:24 0:05 0:00
3 Stars
1 - Sean Avery (Tex)
2 - Brett Sutter (STB)
3 - Ryan Shannon (STB)
Power Play
Atomiques - 2 on 3 Attempt(s) - 66,67%
Little Stars - 1 on 4 Attempt(s) - 25,00%
Penalty Kill
Atomiques - 3 on 4 Attempt(s) - 75,00%
- Score 1 goal in Penalty Kill
Little Stars - 1 on 3 Attempt(s) - 33,33%
- Score 0 goal in Penalty Kill
Team Stat
Atomiques - Hits : 16 - Faceoff Wins : 21 - Blocked Shots : 9 - Penalty Minutes : 6
Little Stars - Hits : 13 - Faceoff Wins : 45 - Blocked Shots : 8 - Penalty Minutes : 6
Official
Referees : VanMassenhoven Don and Sutherland Kelly
Linesman : Shane Heyer and Brian Mach
Game Notes
Sergei Bobrovsky enters game at 11:31 of 2nd period
1:15 of 3rd period - Atomiques goal is going for a video replay. After video review, No Goal. The goalkeeper has been pushed into the net together with the puck after making a save.
Finance
Level 1 -- Attendance: 1386 (69,30%) -- Ticket Income 41 580 $
Level 2 -- Attendance: 688 (68,80%) -- Ticket Income 10 320 $
Total Attendance: 2074 (69,13%)
Total Ticket Income: 51 900 $
Other Income: 2 595 $
Total Income: 54 495 $
Atomiques
5 vs 5 Forward
Center Left Wing Right Wing Time % Phy DF OF
1 Tyler Brenner Kenndal McArdle Branko Radivojevic 40 1 2 2
2 Brett Sutter Andrew Kozek Ryan Shannon 30 1 2 2
3 Marc-André Cliche John McCarthy Alex Berry 20 1 2 2
4 Anthony Nigro Mike Halmo Bobby Farnham 10 1 2 2
5 vs 5 Defense
Defense Defense Time % Phy DF OF
1 Alexander Sulzer Shawn Belle 40 1 2 2
2 Davis Drewiske Kyle Wharton 30 1 2 2
3 Roman Polak Colby Cohen 20 1 2 2
4 Dmitri Orlov Eric Mestery 10 1 2 2
PowerPlay Forward
Center Left Wing Right Wing Time % Phy DF OF
1 Tyler Brenner Kenndal McArdle Branko Radivojevic 60 1 2 2
2 Brett Sutter Andrew Kozek Ryan Shannon 40 1 2 2
PowerPlay Defense
Defense Defense Time % Phy DF OF
1 Alexander Sulzer Shawn Belle 60 1 2 2
2 Davis Drewiske Kyle Wharton 40 1 2 2
Penalty Kill 4 Players Forward
Center Wing Time % Phy DF OF
1 Branko Radivojevic Tyler Brenner 60 1 2 2
2 Ryan Shannon Kenndal McArdle 40 1 2 2
Penalty Kill 4 Players Defense
Defense Defense Time % Phy DF OF
1 Alexander Sulzer Shawn Belle 60 1 2 2
2 Davis Drewiske Kyle Wharton 40 1 2 2
Penalty Kill - 3 Players Forward
Forward Time % Phy DF OF
1 Branko Radivojevic 60 1 2 2
2 Tyler Brenner 40 1 2 2
Penalty Kill - 3 Players Defense
Defense Defense Time % Phy DF OF
1 Alexander Sulzer Shawn Belle 60 1 2 2
2 Davis Drewiske Kyle Wharton 40 1 2 2
4 vs 4 Forward
Center Wing Time % Phy DF OF
1 Branko Radivojevic Tyler Brenner 60 1 2 2
2 Ryan Shannon Kenndal McArdle 40 1 2 2
4 vs 4 Defense
Defense Defense Time % Phy DF OF
1 Alexander Sulzer Shawn Belle 60 1 2 2
2 Davis Drewiske Kyle Wharton 40 1 2 2
Last Minutes Offensive
Center Left Wing Right Wing Defense Defense
Tyler Brenner Kenndal McArdle Branko Radivojevic Alexander Sulzer Shawn Belle
Last Minutes Defensive
Center Left Wing Right Wing Defense Defense
Tyler Brenner Kenndal McArdle Branko Radivojevic Alexander Sulzer Shawn Belle
Goaltenders
Starting : Jeremy Smith
Backup : Sergei Bobrovsky
Extra Forwards
Normal : Mitch Callahan, Freddie Hamilton, Darren Kramer - PP : Mitch Callahan, Freddie Hamilton - PK : Darren Kramer
Extra Defensemen
Normal : Mac Bennett, Fredrik Claesson, Roman Polak - PP : Mac Bennett - PK : Fredrik Claesson, Roman Polak
Penalty Shots
Branko Radivojevic, Tyler Brenner, Ryan Shannon, Kenndal McArdle, Brett Sutter
Little Stars
5 vs 5 Forward
Center Left Wing Right Wing Time % Phy DF OF
1 Dana Tyrell Sean Avery Alex Chiasson 40 1 2 2
2 Brian Flynn Marcus Johansson Hugh Jessiman 30 1 2 2
3 Andrej Nestrasil Jesse Joensuu Tyler Randell 20 1 2 2
4 T.J. Tynan Robert Klinkhammer Tom Kuhnhackl 10 1 2 2
5 vs 5 Defense
Defense Defense Time % Phy DF OF
1 Raphael Diaz Niklas Hjalmarsson 40 1 2 2
2 Jared Spurgeon Danny DeKeiser 30 1 2 2
3 Justin Faulk Petter Granberg 20 1 2 2
4 Conor Allen Scott Harrington 10 1 2 2
PowerPlay Forward
Center Left Wing Right Wing Time % Phy DF OF
1 Dana Tyrell Sean Avery Alex Chiasson 60 1 2 2
2 Brian Flynn Marcus Johansson Hugh Jessiman 40 1 2 2
PowerPlay Defense
Defense Defense Time % Phy DF OF
1 Raphael Diaz Niklas Hjalmarsson 60 1 2 2
2 Jared Spurgeon Danny DeKeiser 40 1 2 2
Penalty Kill 4 Players Forward
Center Wing Time % Phy DF OF
1 Sean Avery Alex Chiasson 60 1 2 2
2 Marcus Johansson Hugh Jessiman 40 1 2 2
Penalty Kill 4 Players Defense
Defense Defense Time % Phy DF OF
1 Raphael Diaz Niklas Hjalmarsson 60 1 2 2
2 Jared Spurgeon Danny DeKeiser 40 1 2 2
Penalty Kill - 3 Players Forward
Forward Time % Phy DF OF
1 Sean Avery 60 1 2 2
2 Alex Chiasson 40 1 2 2
Penalty Kill - 3 Players Defense
Defense Defense Time % Phy DF OF
1 Raphael Diaz Niklas Hjalmarsson 60 1 2 2
2 Jared Spurgeon Danny DeKeiser 40 1 2 2
4 vs 4 Forward
Center Wing Time % Phy DF OF
1 Sean Avery Alex Chiasson 60 1 2 2
2 Marcus Johansson Hugh Jessiman 40 1 2 2
4 vs 4 Defense
Defense Defense Time % Phy DF OF
1 Raphael Diaz Niklas Hjalmarsson 60 1 2 2
2 Jared Spurgeon Danny DeKeiser 40 1 2 2
Last Minutes Offensive
Center Left Wing Right Wing Defense Defense
Dana Tyrell Sean Avery Alex Chiasson Raphael Diaz Niklas Hjalmarsson
Last Minutes Defensive
Center Left Wing Right Wing Defense Defense
Dana Tyrell Sean Avery Alex Chiasson Raphael Diaz Niklas Hjalmarsson
Goaltenders
Starting : Ben Scrivens
Backup : Laurent Brossoit
Extra Forwards
Normal : Alexander Vasyunov, Jonathan Huberdeau, Michael Mersch - PP : Alexander Vasyunov, Jonathan Huberdeau - PK : Michael Mersch
Extra Defensemen
Normal : Justin Faulk, Petter Granberg, Conor Allen - PP : Justin Faulk - PK : Petter Granberg, Conor Allen
Penalty Shots
Sean Avery, Alex Chiasson, Marcus Johansson, Hugh Jessiman, Dana Tyrell
% Time on Ice - Atomiques
Lines # - Real PCT - Wanted PCT - Time Play
Normal Forward
1 - 35% - 40% - 17:43
2 - 28% - 30% - 13:55
3 - 22% - 20% - 11:07
4 - 15% - 10% - 7:43
Normal Defense
1 - 38% - 40% - 19:25
2 - 30% - 30% - 15:14
3 - 20% - 20% - 10:17
4 - 11% - 10% - 5:32
PP Forward
1 - 53% - 60% - 1:42
2 - 47% - 40% - 1:31
PP Defense
1 - 66% - 60% - 2:08
2 - 34% - 40% - 1:05
PK Forward
1 - 78% - 60% - 4:40
2 - 22% - 40% - 1:19
PK Defense
1 - 60% - 60% - 3:35
2 - 40% - 40% - 2:24
PK3 Forward
1 - 0% - 60%
2 - 0% - 40%
PK3 Defense
1 - 0% - 60%
2 - 0% - 40%
44 Forward
1 - 100% - 60% - 0:22
2 - 0% - 40% - 0:00
44 Defense
1 - 100% - 60% - 0:22
2 - 0% - 40% - 0:00
Last Minute Offensive - 0:20
Last Minute Defensive - 0:00
Total
Forward - 60:22
Defense - 60:22
|
% Time on Ice - Little Stars
Lines # - Real PCT - Wanted PCT - Time Play
Normal Forward
1 - 34% - 40% - 17:19
2 - 29% - 30% - 14:27
3 - 20% - 20% - 10:05
4 - 17% - 10% - 8:37
Normal Defense
1 - 39% - 40% - 19:46
2 - 31% - 30% - 15:27
3 - 21% - 20% - 10:35
4 - 9% - 10% - 4:40
PP Forward
1 - 57% - 60% - 3:24
2 - 43% - 40% - 2:35
PP Defense
1 - 62% - 60% - 3:44
2 - 38% - 40% - 2:15
PK Forward
1 - 90% - 60% - 2:54
2 - 10% - 40% - 0:19
PK Defense
1 - 62% - 60% - 2:00
2 - 38% - 40% - 1:13
PK3 Forward
1 - 0% - 60%
2 - 0% - 40%
PK3 Defense
1 - 0% - 60%
2 - 0% - 40%
44 Forward
1 - 100% - 60% - 0:22
2 - 0% - 40% - 0:00
44 Defense
1 - 100% - 60% - 0:22
2 - 0% - 40% - 0:00
Last Minute Offensive - 0:00
Last Minute Defensive - 0:20
Total
Forward - 60:22
Defense - 60:22
|
Play by Play
1st period
0:01 of 1st period - Tyler Brenner wins face-off versus Dana Tyrell in neutral zone.
0:49 of 1st period - Snap shot by Andrej Nestrasil.
0:49 of 1st period - Shot Blocked by Kyle Wharton.
1:07 of 1st period - Snap shot by Anthony Nigro.
1:07 of 1st period - Shot Blocked by Jared Spurgeon.
1:33 of 1st period - Colby Cohen is hit by Sean Avery.
2:13 of 1st period - Slapshot by Jesse Joensuu.
2:13 of 1st period - Goal by Jesse Joensuu - Atomiques : 0 - Little Stars : 1.
2:14 of 1st period - Tyler Brenner wins face-off versus Dana Tyrell in neutral zone.
3:14 of 1st period - Off-side.
3:15 of 1st period - Tyler Brenner wins face-off versus Dana Tyrell in neutral zone.
3:24 of 1st period - Snap shot by Tyler Brenner.
3:24 of 1st period - Stopped by Ben Scrivens with a rebound.
3:42 of 1st period - Niklas Hjalmarsson is hit by Andrew Kozek and loses puck.
4:34 of 1st period - Wrist shot by Robert Klinkhammer.
4:34 of 1st period - Shot Blocked by Kyle Wharton.
4:36 of 1st period - Backhand shot by Petter Granberg.
4:36 of 1st period - Stopped by Jeremy Smith with a rebound.
4:38 of 1st period - Slapshot by Petter Granberg.
4:38 of 1st period - Stopped by Jeremy Smith with a rebound.
4:40 of 1st period - Wrist shot by Tom Kuhnhackl.
4:40 of 1st period - Shot Blocked by Kyle Wharton.
4:42 of 1st period - Snap shot by Robert Klinkhammer.
4:42 of 1st period - Goal by Robert Klinkhammer - Atomiques : 0 - Little Stars : 2.
4:43 of 1st period - Dana Tyrell wins face-off versus Tyler Brenner in neutral zone.
4:50 of 1st period - Snap shot by Sean Avery.
4:50 of 1st period - Stopped by Jeremy Smith without a rebound.
4:51 of 1st period - Dana Tyrell wins face-off versus Tyler Brenner in Atomiques zone.
4:52 of 1st period - Snap shot by Alex Chiasson.
4:52 of 1st period - Stopped by Jeremy Smith without a rebound.
4:53 of 1st period - Dana Tyrell wins face-off versus Tyler Brenner in Atomiques zone.
5:16 of 1st period - Wrist shot by Branko Radivojevic.
5:16 of 1st period - Shot Misses the Net.
5:18 of 1st period - Wrist shot by Tyler Brenner.
5:18 of 1st period - Shot Misses the Net.
6:05 of 1st period - Snap shot by Tyler Brenner.
6:05 of 1st period - Deflect By Branko Radivojevic.
6:05 of 1st period - Shot Misses the Net.
6:05 of 1st period - Puck is out of play.
6:06 of 1st period - Brett Sutter wins face-off versus Brian Flynn in Little Stars zone.
6:07 of 1st period - Snap shot by Ryan Shannon.
6:07 of 1st period - Stopped by Ben Scrivens without a rebound.
6:08 of 1st period - Brian Flynn wins face-off versus Brett Sutter in Little Stars zone.
6:08 of 1st period - Brian Flynn is hit by Davis Drewiske.
6:18 of 1st period - Wrist shot by Hugh Jessiman.
6:18 of 1st period - Stopped by Jeremy Smith without a rebound.
6:19 of 1st period - Anthony Nigro wins face-off versus Jesse Joensuu in Atomiques zone.
6:32 of 1st period - Snap shot by Anthony Nigro.
6:32 of 1st period - Stopped by Ben Scrivens with a rebound.
6:34 of 1st period - Wrist shot by Anthony Nigro.
6:34 of 1st period - Shot Misses the Net.
6:53 of 1st period - Snap shot by Brian Flynn.
6:53 of 1st period - Shot Blocked by Colby Cohen.
7:30 of 1st period - Alex Chiasson is hit by Kenndal McArdle and loses puck.
7:41 of 1st period - Niklas Hjalmarsson is hit by Branko Radivojevic and loses puck.
8:34 of 1st period - Kyle Wharton is hit by Scott Harrington and loses puck.
8:57 of 1st period - Slapshot by Branko Radivojevic.
8:57 of 1st period - Shot Misses the Net.
8:59 of 1st period - Wrist shot by Tyler Brenner.
8:59 of 1st period - Shot Misses the Net.
9:01 of 1st period - Snap shot by Kenndal McArdle.
9:01 of 1st period - Shot Misses the Net.
9:23 of 1st period - Snap shot by Jesse Joensuu.
9:23 of 1st period - Shot Misses the Net.
9:25 of 1st period - Slapshot by Jared Spurgeon.
9:25 of 1st period - Stopped by Jeremy Smith with a rebound.
9:27 of 1st period - Wrist shot by Andrej Nestrasil.
9:27 of 1st period - Stopped by Jeremy Smith without a rebound.
9:28 of 1st period - Marcus Johansson wins face-off versus Brett Sutter in Atomiques zone.
9:43 of 1st period - Slapshot by Hugh Jessiman.
9:43 of 1st period - Shot Misses the Net.
9:55 of 1st period - Jesse Joensuu is hit by Marc-André Cliche and loses puck.
10:16 of 1st period - Snap shot by Kenndal McArdle.
10:16 of 1st period - Shot Blocked by Raphael Diaz.
10:52 of 1st period - Minor Penalty to Bobby Farnham for Holding.
10:53 of 1st period - Branko Radivojevic wins face-off versus Sean Avery in Atomiques zone.
11:11 of 1st period - Alexander Sulzer is hit by Sean Avery and loses puck.
11:32 of 1st period - Snap shot by Marcus Johansson.
11:32 of 1st period - Shot Misses the Net.
12:10 of 1st period - Backhand shot by Kenndal McArdle.
12:10 of 1st period - Goal by Kenndal McArdle - Atomiques : 1 - Little Stars : 2.
12:11 of 1st period - Branko Radivojevic wins face-off versus Brian Flynn in neutral zone.
12:16 of 1st period - Slapshot by Tyler Brenner.
12:16 of 1st period - Shot Blocked by Raphael Diaz.
12:26 of 1st period - Slapshot by Raphael Diaz.
12:26 of 1st period - Shot Blocked by Shawn Belle.
12:52 of 1st period - Penalty to Bobby Farnham is over, Bobby Farnham is back on ice.
12:58 of 1st period - Andrej Nestrasil is hit by Marc-André Cliche and loses puck.
13:41 of 1st period - Slapshot by Davis Drewiske.
13:41 of 1st period - Deflect By Justin Faulk.
13:41 of 1st period - Stopped by Ben Scrivens without a rebound.
13:42 of 1st period - Anthony Nigro wins face-off versus T.J. Tynan in Little Stars zone.
14:08 of 1st period - Niklas Hjalmarsson is hit by Bobby Farnham and loses puck.
14:26 of 1st period - Snap shot by Alexander Sulzer.
14:26 of 1st period - Shot Blocked by Robert Klinkhammer.
14:28 of 1st period - Slapshot by Anthony Nigro.
14:28 of 1st period - Shot Misses the Net.
14:30 of 1st period - Slapshot by Alexander Sulzer.
14:30 of 1st period - Stopped by Ben Scrivens with a rebound.
14:46 of 1st period - Slapshot by Shawn Belle.
14:46 of 1st period - Shot Blocked by Jared Spurgeon.
14:48 of 1st period - Snap shot by Alexander Sulzer.
14:48 of 1st period - Stopped by Ben Scrivens without a rebound.
14:49 of 1st period - Dana Tyrell wins face-off versus Tyler Brenner in Little Stars zone.
16:25 of 1st period - Dana Tyrell is hit by Tyler Brenner and loses puck.
16:54 of 1st period - Andrew Kozek is hit by Marcus Johansson and loses puck.
17:31 of 1st period - Slapshot by Sean Avery.
17:31 of 1st period - Shot Misses the Net.
17:45 of 1st period - Snap shot by Alex Berry.
17:45 of 1st period - Stopped by Ben Scrivens without a rebound.
17:46 of 1st period - Sean Avery wins face-off versus Marc-André Cliche in Little Stars zone.
18:01 of 1st period - Snap shot by Dana Tyrell.
18:01 of 1st period - Stopped by Jeremy Smith with a rebound.
18:11 of 1st period - Marcus Johansson is hit by Kyle Wharton and loses puck.
19:54 of 1st period - Wrist shot by Alex Chiasson.
19:54 of 1st period - Shot Misses the Net.
Goals for this period are 1 for Atomiques vs 2 for Little Stars.
Shots for this period are 8 for Atomiques vs 10 for Little Stars.
2nd period
0:01 of 2nd period - Dana Tyrell wins face-off versus Tyler Brenner in neutral zone.
0:03 of 2nd period - Off-side.
0:04 of 2nd period - Alex Chiasson wins face-off versus Tyler Brenner in neutral zone.
0:08 of 2nd period - Off-side.
0:09 of 2nd period - Dana Tyrell wins face-off versus Tyler Brenner in neutral zone.
0:34 of 2nd period - Snap shot by Alex Chiasson.
0:34 of 2nd period - Stopped by Jeremy Smith with a rebound.
0:36 of 2nd period - Slapshot by Niklas Hjalmarsson.
0:36 of 2nd period - Shot Misses the Net.
0:50 of 2nd period - Snap shot by Dana Tyrell.
0:50 of 2nd period - Shot Misses the Net.
0:52 of 2nd period - Wrist shot by Dana Tyrell.
0:52 of 2nd period - Deflect By Sean Avery.
0:52 of 2nd period - Goal by Sean Avery - Atomiques : 1 - Little Stars : 3.
0:53 of 2nd period - Brett Sutter wins face-off versus Brian Flynn in neutral zone.
1:41 of 2nd period - Off-side.
1:42 of 2nd period - Dana Tyrell wins face-off versus Tyler Brenner in neutral zone.
2:06 of 2nd period - Icing by Dana Tyrell.
2:07 of 2nd period - Brian Flynn wins face-off versus Ryan Shannon in Little Stars zone.
2:36 of 2nd period - Wrist shot by Tyler Brenner.
2:36 of 2nd period - Shot Misses the Net.
2:42 of 2nd period - Wrist shot by Dana Tyrell.
2:42 of 2nd period - Shot Misses the Net.
2:55 of 2nd period - Snap shot by Alex Berry.
2:55 of 2nd period - Deflect By John McCarthy.
2:55 of 2nd period - Shot Blocked by Jesse Joensuu.
2:55 of 2nd period - Puck is out of play.
2:56 of 2nd period - Marc-André Cliche wins face-off versus Jesse Joensuu in Little Stars zone.
2:57 of 2nd period - Snap shot by Alex Berry.
2:57 of 2nd period - Shot Misses the Net.
3:03 of 2nd period - Snap shot by Jesse Joensuu.
3:03 of 2nd period - Shot Misses the Net.
3:05 of 2nd period - Wrist shot by Jesse Joensuu.
3:05 of 2nd period - Stopped by Jeremy Smith without a rebound.
3:06 of 2nd period - Dana Tyrell wins face-off versus Tyler Brenner in Atomiques zone.
3:09 of 2nd period - Snap shot by Dana Tyrell.
3:09 of 2nd period - Shot Misses the Net.
3:19 of 2nd period - Snap shot by Tyler Brenner.
3:19 of 2nd period - Stopped by Ben Scrivens without a rebound.
3:20 of 2nd period - Brian Flynn wins face-off versus Brett Sutter in Little Stars zone.
5:25 of 2nd period - Wrist shot by Alex Berry.
5:25 of 2nd period - Shot Misses the Net.
5:27 of 2nd period - Snap shot by Alex Berry.
5:27 of 2nd period - Stopped by Ben Scrivens with a rebound.
6:11 of 2nd period - Off-side.
6:12 of 2nd period - Tyler Brenner wins face-off versus T.J. Tynan in neutral zone.
6:15 of 2nd period - Snap shot by Branko Radivojevic.
6:15 of 2nd period - Stopped by Ben Scrivens without a rebound.
6:16 of 2nd period - T.J. Tynan wins face-off versus Tyler Brenner in Little Stars zone.
6:37 of 2nd period - Slapshot by Justin Faulk.
6:37 of 2nd period - Stopped by Jeremy Smith without a rebound.
6:38 of 2nd period - Sean Avery wins face-off versus Brett Sutter in Atomiques zone.
6:47 of 2nd period - Snap shot by Alex Chiasson.
6:47 of 2nd period - Deflect By Sean Avery.
6:47 of 2nd period - Shot Misses the Net.
6:47 of 2nd period - Puck is out of play.
6:48 of 2nd period - Dana Tyrell wins face-off versus Tyler Brenner in Atomiques zone.
7:02 of 2nd period - Icing by Niklas Hjalmarsson.
7:03 of 2nd period - Dana Tyrell wins face-off versus Andrew Kozek in Little Stars zone.
7:10 of 2nd period - Backhand shot by Alex Chiasson.
7:10 of 2nd period - Shot Misses the Net.
7:12 of 2nd period - Slapshot by Niklas Hjalmarsson.
7:12 of 2nd period - Stopped by Jeremy Smith with a rebound.
7:28 of 2nd period - Raphael Diaz is hit by Kenndal McArdle and loses puck.
7:51 of 2nd period - Slapshot by John McCarthy.
7:51 of 2nd period - Stopped by Ben Scrivens with a rebound.
8:15 of 2nd period - Snap shot by Marcus Johansson.
8:15 of 2nd period - Shot Misses the Net.
8:17 of 2nd period - Slapshot by Petter Granberg.
8:17 of 2nd period - Deflect By Hugh Jessiman.
8:17 of 2nd period - Shot Misses the Net.
8:17 of 2nd period - Puck is out of play.
8:18 of 2nd period - Brian Flynn wins face-off versus Tyler Brenner in Atomiques zone.
8:25 of 2nd period - Snap shot by Marcus Johansson.
8:25 of 2nd period - Stopped by Jeremy Smith with a rebound.
8:27 of 2nd period - Slapshot by Niklas Hjalmarsson.
8:27 of 2nd period - Shot Blocked by Davis Drewiske.
8:43 of 2nd period - Davis Drewiske is hit by Robert Klinkhammer and loses puck.
9:52 of 2nd period - Slapshot by Alexander Sulzer.
9:52 of 2nd period - Deflect By Bobby Farnham.
9:52 of 2nd period - Stopped by Ben Scrivens with a rebound.
10:24 of 2nd period - Snap shot by Alex Berry.
10:24 of 2nd period - Deflect By Marc-André Cliche.
10:24 of 2nd period - Stopped by Ben Scrivens without a rebound.
10:25 of 2nd period - Tyler Brenner wins face-off versus T.J. Tynan in Little Stars zone.
10:59 of 2nd period - Wrist shot by Ryan Shannon.
10:59 of 2nd period - Stopped by Ben Scrivens without a rebound.
11:00 of 2nd period - Dana Tyrell wins face-off versus Tyler Brenner in Little Stars zone.
11:05 of 2nd period - Snap shot by Sean Avery.
11:05 of 2nd period - Shot Blocked by Shawn Belle.
11:13 of 2nd period - Snap shot by Shawn Belle.
11:13 of 2nd period - Stopped by Ben Scrivens with a rebound.
11:15 of 2nd period - Snap shot by Tyler Brenner.
11:15 of 2nd period - Stopped by Ben Scrivens without a rebound.
11:16 of 2nd period - Brian Flynn wins face-off versus Brett Sutter in Little Stars zone.
11:23 of 2nd period - Slapshot by Hugh Jessiman.
11:23 of 2nd period - Stopped by Jeremy Smith with a rebound.
11:25 of 2nd period - Slapshot by Raphael Diaz.
11:25 of 2nd period - Stopped by Jeremy Smith with a rebound.
11:27 of 2nd period - Snap shot by Marcus Johansson.
11:27 of 2nd period - Shot Misses the Net.
11:29 of 2nd period - Wrist shot by Hugh Jessiman.
11:29 of 2nd period - Shot Misses the Net.
11:31 of 2nd period - Slapshot by Hugh Jessiman.
11:31 of 2nd period - Goal by Hugh Jessiman - Atomiques : 1 - Little Stars : 4.
11:31 of 2nd period - Sergei Bobrovsky enters game.
11:32 of 2nd period - Dana Tyrell wins face-off versus Tyler Brenner in neutral zone.
12:02 of 2nd period - Slapshot by Alexander Sulzer.
12:02 of 2nd period - Shot Misses the Net.
12:04 of 2nd period - Slapshot by Shawn Belle.
12:04 of 2nd period - Shot Misses the Net.
12:06 of 2nd period - Slapshot by Andrew Kozek.
12:06 of 2nd period - Shot Misses the Net.
13:37 of 2nd period - Alex Berry is hit by Andrej Nestrasil and loses puck.
14:54 of 2nd period - Snap shot by Ryan Shannon.
14:54 of 2nd period - Stopped by Ben Scrivens without a rebound.
14:55 of 2nd period - Tyler Brenner wins face-off versus Dana Tyrell in Little Stars zone.
15:05 of 2nd period - Off-side.
15:06 of 2nd period - Dana Tyrell wins face-off versus Tyler Brenner in neutral zone.
15:37 of 2nd period - Slapshot by Brian Flynn.
15:37 of 2nd period - Shot Misses the Net.
15:59 of 2nd period - John McCarthy is hit by Niklas Hjalmarsson and loses puck.
16:13 of 2nd period - Anthony Nigro is hit by Niklas Hjalmarsson and loses puck.
16:18 of 2nd period - Slapshot by Justin Faulk.
16:18 of 2nd period - Deflect By Tom Kuhnhackl.
16:18 of 2nd period - Stopped by Sergei Bobrovsky with a rebound.
16:20 of 2nd period - Snap shot by T.J. Tynan.
16:20 of 2nd period - Stopped by Sergei Bobrovsky without a rebound.
16:21 of 2nd period - Alex Chiasson wins face-off versus Tyler Brenner in Atomiques zone.
16:22 of 2nd period - Wrist shot by Sean Avery.
16:22 of 2nd period - Shot Misses the Net.
17:18 of 2nd period - Snap shot by Jesse Joensuu.
17:18 of 2nd period - Stopped by Sergei Bobrovsky with a rebound.
17:48 of 2nd period - Tyler Brenner is hit by Niklas Hjalmarsson and loses puck.
18:21 of 2nd period - Wrist shot by Brian Flynn.
18:21 of 2nd period - Shot Misses the Net.
18:39 of 2nd period - Marc-André Cliche is hit by Jesse Joensuu and loses puck.
18:52 of 2nd period - Slapshot by Alexander Sulzer.
18:52 of 2nd period - Shot Misses the Net.
18:54 of 2nd period - Snap shot by Alexander Sulzer.
18:54 of 2nd period - Deflect By Anthony Nigro.
18:54 of 2nd period - Shot Misses the Net.
18:54 of 2nd period - Puck is out of play.
18:55 of 2nd period - Dana Tyrell wins face-off versus Mike Halmo in Little Stars zone.
19:20 of 2nd period - Kenndal McArdle is hit by Marcus Johansson and loses puck.
19:26 of 2nd period - Off-side.
19:27 of 2nd period - Tyler Brenner wins face-off versus Brian Flynn in neutral zone.
19:32 of 2nd period - Marcus Johansson is hit by Colby Cohen and loses puck.
19:59 of 2nd period - Backhand shot by Alex Chiasson.
19:59 of 2nd period - Shot Misses the Net.
Goals for this period are 0 for Atomiques vs 2 for Little Stars.
Shots for this period are 10 for Atomiques vs 12 for Little Stars.
3rd period
0:01 of 3rd period - Dana Tyrell wins face-off versus Tyler Brenner in neutral zone.
0:06 of 3rd period - Slapshot by Raphael Diaz.
0:06 of 3rd period - Shot Misses the Net.
0:24 of 3rd period - Shawn Belle is hit by Dana Tyrell and loses puck.
1:03 of 3rd period - Slapshot by Sean Avery.
1:03 of 3rd period - Stopped by Sergei Bobrovsky with a rebound.
1:13 of 3rd period - Wrist shot by Kenndal McArdle.
1:13 of 3rd period - Stopped by Ben Scrivens with a rebound.
1:15 of 3rd period - Slapshot by Shawn Belle.
1:15 of 3rd period - Deflect By Kenndal McArdle.
1:15 of 3rd period - Atomiques goal is going for a video replay.
1:15 of 3rd period - The goal is refused. The goalkeeper has been pushed into the net together with the puck after making a save..
1:16 of 3rd period - Brett Sutter wins face-off versus Brian Flynn in Little Stars zone.
1:19 of 3rd period - Snap shot by Brett Sutter.
1:19 of 3rd period - Shot Hit the Post.
1:21 of 3rd period - Wrist shot by Brett Sutter.
1:21 of 3rd period - Deflect By Ryan Shannon.
1:21 of 3rd period - Stopped by Ben Scrivens with a rebound.
1:23 of 3rd period - Wrist shot by Ryan Shannon.
1:23 of 3rd period - Shot Misses the Net.
1:25 of 3rd period - Slapshot by Kyle Wharton.
1:25 of 3rd period - Stopped by Ben Scrivens without a rebound.
1:26 of 3rd period - Brian Flynn wins face-off versus Brett Sutter in Little Stars zone.
1:28 of 3rd period - Icing by Jared Spurgeon.
1:29 of 3rd period - Brett Sutter wins face-off versus Brian Flynn in Little Stars zone.
1:30 of 3rd period - Snap shot by Ryan Shannon.
1:30 of 3rd period - Deflect By Jared Spurgeon.
1:30 of 3rd period - Stopped by Ben Scrivens with a rebound.
1:32 of 3rd period - Slapshot by Kyle Wharton.
1:32 of 3rd period - Stopped by Ben Scrivens without a rebound.
1:33 of 3rd period - Brian Flynn wins face-off versus Brett Sutter in Little Stars zone.
1:46 of 3rd period - Snap shot by Hugh Jessiman.
1:46 of 3rd period - Stopped by Sergei Bobrovsky without a rebound.
1:46 of 3rd period - Minor Penalty to Sergei Bobrovsky for Delaying the game.
1:47 of 3rd period - Alex Chiasson wins face-off versus Branko Radivojevic in Atomiques zone.
1:48 of 3rd period - Slapshot by Raphael Diaz.
1:48 of 3rd period - Goal by Raphael Diaz - Atomiques : 1 - Little Stars : 5.
1:49 of 3rd period - Dana Tyrell wins face-off versus Tyler Brenner in neutral zone.
1:56 of 3rd period - Snap shot by Sean Avery.
1:56 of 3rd period - Shot Blocked by Tyler Brenner.
2:02 of 3rd period - Snap shot by Dana Tyrell.
2:02 of 3rd period - Stopped by Sergei Bobrovsky with a rebound.
2:04 of 3rd period - Snap shot by Danny DeKeiser.
2:04 of 3rd period - Stopped by Sergei Bobrovsky with a rebound.
2:14 of 3rd period - Danny DeKeiser is hit by Brett Sutter and loses puck.
2:25 of 3rd period - Brian Flynn is hit by Andrew Kozek and loses puck.
2:57 of 3rd period - Wrist shot by Brett Sutter.
2:57 of 3rd period - Goal by Brett Sutter - Atomiques : 2 - Little Stars : 5.
2:58 of 3rd period - Branko Radivojevic wins face-off versus Dana Tyrell in neutral zone.
3:03 of 3rd period - Wrist shot by Branko Radivojevic.
3:03 of 3rd period - Goal by Branko Radivojevic - Atomiques : 3 - Little Stars : 5.
3:04 of 3rd period - Dana Tyrell wins face-off versus Tyler Brenner in neutral zone.
3:06 of 3rd period - Minor Penalty to Raphael Diaz for Hooking.
3:07 of 3rd period - Sean Avery wins face-off versus Tyler Brenner in Little Stars zone.
3:37 of 3rd period - Sean Avery is hit by Andrew Kozek.
5:06 of 3rd period - Penalty to Raphael Diaz is over, Raphael Diaz is back on ice.
5:20 of 3rd period - Slapshot by Jesse Joensuu.
5:20 of 3rd period - Shot Misses the Net.
5:26 of 3rd period - Slapshot by Davis Drewiske.
5:26 of 3rd period - Stopped by Ben Scrivens without a rebound.
5:27 of 3rd period - Anthony Nigro wins face-off versus Andrej Nestrasil in Little Stars zone.
5:40 of 3rd period - Slapshot by Roman Polak.
5:40 of 3rd period - Stopped by Ben Scrivens without a rebound.
5:41 of 3rd period - Brian Flynn wins face-off versus Tyler Brenner in Little Stars zone.
6:26 of 3rd period - Icing by Danny DeKeiser.
6:27 of 3rd period - Marc-André Cliche wins face-off versus Andrej Nestrasil in Little Stars zone.
7:16 of 3rd period - Wrist shot by John McCarthy.
7:16 of 3rd period - Stopped by Ben Scrivens with a rebound.
7:18 of 3rd period - Slapshot by Roman Polak.
7:18 of 3rd period - Shot Misses the Net.
7:20 of 3rd period - Wrist shot by Alex Berry.
7:20 of 3rd period - Shot Misses the Net.
7:26 of 3rd period - Wrist shot by John McCarthy.
7:26 of 3rd period - Stopped by Ben Scrivens with a rebound.
7:34 of 3rd period - Snap shot by Alex Berry.
7:34 of 3rd period - Stopped by Ben Scrivens with a rebound.
7:50 of 3rd period - Wrist shot by Marc-André Cliche.
7:50 of 3rd period - Stopped by Ben Scrivens with a rebound.
7:52 of 3rd period - Wrist shot by Marc-André Cliche.
7:52 of 3rd period - Deflect By John McCarthy.
7:52 of 3rd period - Shot Misses the Net.
7:52 of 3rd period - Puck is out of play.
7:53 of 3rd period - Dana Tyrell wins face-off versus Tyler Brenner in Little Stars zone.
7:55 of 3rd period - Minor Penalty to Alex Chiasson for Tripping.
7:56 of 3rd period - Sean Avery wins face-off versus Tyler Brenner in Little Stars zone.
8:31 of 3rd period - Slapshot by Davis Drewiske.
8:31 of 3rd period - Shot Blocked by Jared Spurgeon.
8:33 of 3rd period - Backhand shot by Andrew Kozek.
8:33 of 3rd period - Goal by Andrew Kozek - Atomiques : 4 - Little Stars : 5.
8:34 of 3rd period - Brian Flynn wins face-off versus Kenndal McArdle in neutral zone.
8:39 of 3rd period - Snap shot by Hugh Jessiman.
8:39 of 3rd period - Shot Misses the Net.
8:57 of 3rd period - Minor Penalty to Danny DeKeiser for Holding.
8:58 of 3rd period - Sean Avery wins face-off versus Tyler Brenner in Little Stars zone.
9:31 of 3rd period - Slapshot by Ryan Shannon.
9:31 of 3rd period - Stopped by Ben Scrivens with a rebound.
9:33 of 3rd period - Slapshot by Brett Sutter.
9:33 of 3rd period - Goal by Brett Sutter - Atomiques : 5 - Little Stars : 5.
9:34 of 3rd period - Dana Tyrell wins face-off versus Tyler Brenner in neutral zone.
9:59 of 3rd period - Brian Flynn is hit by Ryan Shannon and loses puck.
10:31 of 3rd period - Slapshot by John McCarthy.
10:31 of 3rd period - Stopped by Ben Scrivens without a rebound.
10:32 of 3rd period - Branko Radivojevic wins face-off versus Dana Tyrell in Little Stars zone.
10:33 of 3rd period - Slapshot by Tyler Brenner.
10:33 of 3rd period - Stopped by Ben Scrivens with a rebound.
10:35 of 3rd period - Wrist shot by Tyler Brenner.
10:35 of 3rd period - Deflect By Kenndal McArdle.
10:35 of 3rd period - Stopped by Ben Scrivens with a rebound.
10:37 of 3rd period - Slapshot by Alexander Sulzer.
10:37 of 3rd period - Shot Blocked by Alex Chiasson.
10:39 of 3rd period - Wrist shot by Tyler Brenner.
10:39 of 3rd period - Stopped by Ben Scrivens without a rebound.
10:40 of 3rd period - Dana Tyrell wins face-off versus Tyler Brenner in Little Stars zone.
10:56 of 3rd period - Minor Penalty to Tyler Brenner for Hooking.
10:57 of 3rd period - Dana Tyrell wins face-off versus Branko Radivojevic in Atomiques zone.
11:01 of 3rd period - Slapshot by Raphael Diaz.
11:01 of 3rd period - Shot Misses the Net.
11:33 of 3rd period - Wrist shot by Marcus Johansson.
11:33 of 3rd period - Shot Misses the Net.
12:56 of 3rd period - Penalty to Tyler Brenner is over, Tyler Brenner is back on ice.
13:40 of 3rd period - Snap shot by Tyler Randell.
13:40 of 3rd period - Shot Blocked by Kenndal McArdle.
13:54 of 3rd period - Brian Flynn is hit by Bobby Farnham and loses puck.
14:23 of 3rd period - Andrew Kozek is hit by Jesse Joensuu and loses puck.
15:06 of 3rd period - Minor Penalty to Kenndal McArdle for Tripping.
15:07 of 3rd period - Dana Tyrell wins face-off versus Branko Radivojevic in Atomiques zone.
16:45 of 3rd period - Icing by Dana Tyrell.
16:46 of 3rd period - Brian Flynn wins face-off versus Ryan Shannon in Little Stars zone.
17:06 of 3rd period - Penalty to Kenndal McArdle is over, Kenndal McArdle is back on ice.
18:31 of 3rd period - Slapshot by Alex Chiasson.
18:31 of 3rd period - Stopped by Sergei Bobrovsky with a rebound.
18:54 of 3rd period - Wrist shot by Jared Spurgeon.
18:54 of 3rd period - Stopped by Sergei Bobrovsky with a rebound.
18:56 of 3rd period - Slapshot by Danny DeKeiser.
18:56 of 3rd period - Shot Hit the Post.
19:10 of 3rd period - Snap shot by Alex Chiasson.
19:10 of 3rd period - Stopped by Sergei Bobrovsky with a rebound.
19:12 of 3rd period - Snap shot by Dana Tyrell.
19:12 of 3rd period - Goal by Dana Tyrell - Atomiques : 5 - Little Stars : 6.
19:13 of 3rd period - Tyler Brenner wins face-off versus Dana Tyrell in neutral zone.
19:16 of 3rd period - Atomiques, Sergei Bobrovsky is pulled from the net.
19:28 of 3rd period - Wrist shot by Tyler Brenner.
19:28 of 3rd period - Shot Misses the Net.
19:30 of 3rd period - Snap shot by Shawn Belle.
19:30 of 3rd period - Stopped by Ben Scrivens with a rebound.
19:32 of 3rd period - Slapshot by Tyler Brenner.
19:32 of 3rd period - Goal by Tyler Brenner - Atomiques : 6 - Little Stars : 6.
19:32 of 3rd period - Sergei Bobrovsky from Atomiques was sent back in the game.
19:33 of 3rd period - Andrej Nestrasil wins face-off versus Marc-André Cliche in neutral zone.
Goals for this period are 5 for Atomiques vs 2 for Little Stars.
Shots for this period are 23 for Atomiques vs 9 for Little Stars.
Overtime #1
0:01 of 1st overtime period - Sean Avery wins face-off versus Branko Radivojevic in neutral zone.
0:14 of 1st overtime period - Wrist shot by Alex Chiasson.
0:14 of 1st overtime period - Stopped by Sergei Bobrovsky without a rebound.
0:15 of 1st overtime period - Sean Avery wins face-off versus Branko Radivojevic in Atomiques zone.
0:20 of 1st overtime period - Snap shot by Alex Chiasson.
0:20 of 1st overtime period - Shot Misses the Net.
0:22 of 1st overtime period - Snap shot by Sean Avery.
0:22 of 1st overtime period - Goal by Sean Avery - Atomiques : 6 - Little Stars : 7.
Goals for this period are 0 for Atomiques vs 1 for Little Stars.
Shots for this period are 0 for Atomiques vs 2 for Little Stars.
Back to the Top